[ AOE2 MATCH · #463201896 ]
UnrankedJurchens vs Mongols
Player's team · LOSS
[ REPLAY ANALYSIS · EXTRACTED FROM THE RECORDED GAME ]
Feudal
13:53
Castle
25:11
Imperial
37:00
| APM avg | 26.4 |
| APM peak | 87 |
| eAPM avg | 19.4 |
| Villagers / military | 247 / 463 |
Focus
⚔️ 35.0% · 🌾 65.0%
Scout Cavalry ×311 · Skirmisher ×115 · Scorpion ×15 · Battering Ram ×13 · Iron Pagoda ×7 · Monk ×2
Feudal
12:48
Castle
17:33
Imperial
33:19
| APM avg | 47.5 |
| APM peak | 130 |
| eAPM avg | 23.5 |
| Villagers / military | 216 / 1532 |
Focus
⚔️ 44.6% · 🌾 55.4%
Scout Cavalry ×1189 · Mangudai ×201 · Mangonel ×71 · Battering Ram ×66 · Trade Cart ×50 · Fishing Ship ×32
Feudal
12:13
Castle
26:34
Imperial
31:32
| APM avg | 9.9 |
| APM peak | 71 |
| eAPM avg | 8.4 |
| Villagers / military | 99 / 295 |
Focus
⚔️ 51.7% · 🌾 48.3%
Spearman ×85 · Archer ×53 · Urumi Swordsman ×53 · Hand Cannoneer ×49 · Skirmisher ×22 · Militia ×16
Feudal
14:06
Castle
24:18
Imperial
—
| APM avg | 2.5 |
| APM peak | 34 |
| eAPM avg | 1.5 |
| Villagers / military | 56 / 0 |
Focus
⚔️ 16.4% · 🌾 83.6%
Fishing Ship ×5
Feudal
15:53
Castle
27:06
Imperial
36:32
| APM avg | 6.9 |
| APM peak | 40 |
| eAPM avg | 5.8 |
| Villagers / military | 90 / 371 |
Focus
⚔️ 42.6% · 🌾 57.4%
Spearman ×160 · Petard ×90 · Kamayuk ×60 · Unknown (2550) ×45 · Skirmisher ×30 · Scorpion ×10
Feudal
21:02
Castle
27:48
Imperial
39:34
| APM avg | 21.4 |
| APM peak | 92 |
| eAPM avg | 14.5 |
| Villagers / military | 143 / 914 |
Focus
⚔️ 48.4% · 🌾 51.6%
Spearman ×240 · Scout Cavalry ×180 · Skirmisher ×171 · Camel Scout ×101 · Mameluke ×75 · Hand Cannoneer ×60
Match map
Initial resources + every placement click. Lines = walls · curves = elevation contours. ◆ gold · ⬟ stone · ● berries · ✦ relic · ◌ wall gap
Your base· ✓ Closed at 25:11 · 0t walls · no gate
Dang's base· ✓ Closed at 17:33 · 1t walls · fragile
guimar's base· ✓ Closed at 26:34 · 76t walls · no gate
carboneeeeero24's base· ✓ Closed at 24:18 · 51t walls · no gate
Monsieur Propre's base· Open — opponent sealed themselves in
Sosa de Zanzibar's base· ✓ Closed at 27:48 · 77t walls · 2 gate(s)
Smoothed initial terrain · ◌ = detected wall gap · hover for details
Inputs per minute
— 油腻大叔 - - Dang
Build order — 油腻大叔
First 150 of 1222 actions detected
| 0:23 | Research | Loom |
| 0:24 | Create | Villager (Male) |
| 0:24 | Create | Villager (Male) |
| 0:24 | Create | Villager (Male) |
| 0:24 | Create | Villager (Male) |
| 0:43 | Build | House |
| 0:47 | Build | House |
| 0:49 | Build | House |
| 1:45 | Build | House |
| 2:30 | Build | House |
| 2:36 | Create | Villager (Male) |
| 3:16 | Create | Villager (Male) |
| 3:17 | Create | Villager (Male) |
| 3:39 | Create | Villager (Male) |
| 4:05 | Create | Villager (Male) |
| 4:05 | Create | Villager (Male) |
| 4:12 | Build | House |
| 4:14 | Build | House |
| 4:16 | Build | House |
| 4:18 | Build | House |
| 4:23 | Create | Villager (Male) |
| 4:23 | Create | Villager (Male) |
| 4:52 | Create | Villager (Male) |
| 5:19 | Create | Villager (Male) |
| 5:20 | Create | Villager (Male) |
| 5:40 | Create | Villager (Male) |
| 5:40 | Create | Villager (Male) |
| 5:58 | Build | Mill |
| 6:06 | Create | Villager (Male) |
| 6:06 | Create | Villager (Male) |
| 6:35 | Create | Villager (Male) |
| 6:36 | Create | Villager (Male) |
| 7:46 | Create | Villager (Male) |
| 7:47 | Create | Villager (Male) |
| 7:47 | Create | Villager (Male) |
| 8:04 | Build | Mining Camp |
| 8:22 | Create | Villager (Male) |
| 9:13 | Build | Mining Camp |
| 9:16 | Create | Villager (Male) |
| 9:42 | Create | Villager (Male) |
| 9:42 | Create | Villager (Male) |
| 10:07 | Build | Lumber Camp |
| 10:43 | Create | Villager (Male) |
| 11:07 | Create | Villager (Male) |
| 11:43 | Research | Feudal Age |
| 12:28 | Build | Mill |
| 13:53 | Age | Feudal Age |
| 13:56 | Research | Horse Collar |
| 13:58 | Research | Wheelbarrow |
| 14:02 | Research | Double-Bit Axe |
| 14:43 | Research | Town Watch |
| 15:27 | Create | Villager (Male) |
| 16:01 | Create | Villager (Male) |
| 16:01 | Create | Villager (Male) |
| 16:38 | Create | Villager (Male) |
| 17:31 | Create | Villager (Male) |
| 17:31 | Create | Villager (Male) |
| 17:31 | Create | Villager (Male) |
| 17:31 | Create | Villager (Male) |
| 17:43 | Create | Villager (Male) |
| 17:44 | Create | Villager (Male) |
| 17:47 | Build | Farm |
| 17:48 | Build | Farm |
| 17:49 | Build | Farm |
| 17:50 | Build | Farm |
| 17:51 | Build | Farm |
| 17:54 | Build | Farm |
| 17:58 | Build | Farm |
| 18:33 | Create | Villager (Male) |
| 18:33 | Create | Villager (Male) |
| 18:55 | Build | Market |
| 19:03 | Build | Blacksmith |
| 19:12 | Build | House |
| 19:21 | Build | Farm |
| 19:23 | Build | Farm |
| 19:24 | Build | Farm |
| 19:26 | Build | Farm |
| 19:27 | Build | Farm |
| 19:51 | Build | Barracks |
| 20:27 | Build | Farm |
| 20:30 | Build | Farm |
| 20:34 | Build | Farm |
| 20:36 | Build | Farm |
| 20:39 | Create | Villager (Male) |
| 20:44 | Build | Farm |
| 20:59 | Build | Farm |
| 21:08 | Create | Villager (Male) |
| 21:22 | Build | Farm |
| 21:28 | Create | Villager (Male) |
| 21:44 | Build | Farm |
| 21:57 | Create | Villager (Male) |
| 22:10 | Build | Farm |
| 22:22 | Research | Castle Age |
| 22:36 | Build | Farm |
| 22:49 | Build | Lumber Camp |
| 22:58 | Build | Lumber Camp |
| 24:35 | Build | Lumber Camp |
| 25:03 | Research | Gold Mining |
| 25:04 | Research | Stone Mining |
| 25:11 | Age | Castle Age |
| 25:27 | Research | Hand Cart |
| 25:27 | Research | Hand Cart |
| 25:30 | Research | Bow Saw |
| 25:32 | Research | Heavy Plow |
| 25:41 | Build | Town Center |
| 25:59 | Build | Town Center |
| 26:10 | Build | Town Center |
| 26:15 | Research | Gold Shaft Mining |
| 26:15 | Research | Gold Shaft Mining |
| 26:18 | Research | Stone Shaft Mining |
| 26:24 | Research | Town Patrol |
| 26:24 | Research | Town Patrol |
| 26:49 | Create | Villager (Male) |
| 26:49 | Create | Villager (Male) |
| 27:02 | Build | House |
| 27:03 | Build | House |
| 27:04 | Build | House |
| 27:05 | Build | House |
| 27:07 | Build | House |
| 27:08 | Build | House |
| 27:11 | Build | House |
| 27:15 | Create | Villager (Male) |
| 27:15 | Create | Villager (Male) |
| 27:21 | Build | Farm |
| 27:43 | Build | Farm |
| 27:46 | Build | Farm |
| 27:47 | Create | Villager (Male) |
| 27:51 | Create | Villager (Male) |
| 27:51 | Create | Villager (Male) |
| 27:56 | Create | Villager (Male) |
| 27:56 | Create | Villager (Male) |
| 27:56 | Create | Villager (Male) |
| 28:00 | Create | Villager (Male) |
| 28:04 | Create | Villager (Male) |
| 28:21 | Build | Farm |
| 28:24 | Build | Farm |
| 28:29 | Build | Farm |
| 28:40 | Build | Town Center |
| 28:47 | Build | Farm |
| 28:52 | Build | Farm |
| 28:53 | Build | Farm |
| 28:55 | Build | Farm |
| 28:56 | Create | Villager (Male) |
| 28:56 | Create | Villager (Male) |
| 28:57 | Create | Villager (Male) |
| 29:02 | Create | Villager (Male) |
| 29:02 | Create | Villager (Male) |
| 29:03 | Create | Villager (Male) |
| 29:13 | Build | Farm |
| 29:15 | Create | Villager (Male) |
Build order — Dang
First 150 of 1098 actions detected
| 0:00 | Create | Villager (Male) |
| 0:01 | Create | Villager (Male) |
| 0:01 | Create | Villager (Male) |
| 0:01 | Create | Villager (Male) |
| 0:02 | Build | House |
| 0:03 | Build | House |
| 1:30 | Create | Villager (Male) |
| 1:30 | Create | Villager (Male) |
| 1:51 | Build | Lumber Camp |
| 2:02 | Create | Villager (Male) |
| 2:03 | Create | Villager (Male) |
| 2:14 | Create | Villager (Male) |
| 2:47 | Create | Villager (Male) |
| 2:47 | Create | Villager (Male) |
| 3:05 | Create | Villager (Male) |
| 3:05 | Create | Villager (Male) |
| 3:24 | Build | House |
| 3:48 | Create | Villager (Male) |
| 3:48 | Create | Villager (Male) |
| 3:48 | Create | Villager (Male) |
| 4:31 | Create | Villager (Male) |
| 4:32 | Create | Villager (Male) |
| 4:58 | Create | Villager (Male) |
| 4:58 | Create | Villager (Male) |
| 5:25 | Build | Dock |
| 5:38 | Create | Villager (Male) |
| 5:38 | Create | Villager (Male) |
| 5:42 | Build | House |
| 6:07 | Create | Fishing Ship |
| 6:08 | Create | Fishing Ship |
| 6:08 | Create | Fishing Ship |
| 6:11 | Build | House |
| 6:17 | Create | Villager (Male) |
| 6:42 | Create | Villager (Male) |
| 6:42 | Create | Villager (Male) |
| 6:43 | Create | Villager (Male) |
| 6:48 | Create | Fishing Ship |
| 6:48 | Create | Fishing Ship |
| 7:05 | Create | Villager (Male) |
| 7:30 | Create | Villager (Male) |
| 7:42 | Create | Fishing Ship |
| 7:49 | Build | House |
| 7:51 | Build | House |
| 7:56 | Create | Villager (Male) |
| 8:37 | Build | Lumber Camp |
| 8:48 | Build | Lumber Camp |
| 8:51 | Create | Villager (Male) |
| 9:22 | Create | Villager (Male) |
| 9:44 | Build | Mining Camp |
| 9:57 | Create | Villager (Male) |
| 9:59 | Research | Feudal Age |
| 10:47 | Build | Mill |
| 11:08 | Build | Mill |
| 11:50 | Build | House |
| 11:51 | Build | House |
| 11:52 | Build | House |
| 11:53 | Build | House |
| 11:54 | Build | Palisade Wall |
| 12:09 | Build | House |
| 12:10 | Build | House |
| 12:13 | Build | House |
| 12:14 | Build | House |
| 12:25 | Create | Villager (Male) |
| 12:25 | Create | Villager (Male) |
| 12:25 | Create | Villager (Male) |
| 12:48 | Age | Feudal Age |
| 12:52 | Build | Blacksmith |
| 12:54 | Build | Market |
| 13:03 | Research | Double-Bit Axe |
| 13:03 | Research | Double-Bit Axe |
| 14:00 | Create | Villager (Male) |
| 14:27 | Create | Villager (Male) |
| 14:43 | Research | Castle Age |
| 15:33 | Build | House |
| 15:34 | Build | House |
| 15:36 | Build | House |
| 15:38 | Build | House |
| 15:47 | Build | Fish Trap |
| 15:50 | Build | Fish Trap |
| 15:52 | Research | Tech 906 |
| 15:59 | Build | Fish Trap |
| 16:03 | Build | Fish Trap |
| 16:06 | Create | Fishing Ship |
| 16:06 | Create | Fishing Ship |
| 16:14 | Build | Dock |
| 16:21 | Build | Dock |
| 16:40 | Build | House |
| 16:41 | Build | House |
| 16:42 | Build | House |
| 17:07 | Build | Fish Trap |
| 17:11 | Create | Fishing Ship |
| 17:11 | Create | Fishing Ship |
| 17:15 | Create | Fishing Ship |
| 17:23 | Create | Villager (Male) |
| 17:24 | Create | Villager (Male) |
| 17:24 | Create | Villager (Male) |
| 17:33 | Age | Castle Age |
| 17:33 | Build | House |
| 17:36 | Research | Bow Saw |
| 17:37 | Research | Bow Saw |
| 17:45 | Build | Fish Trap |
| 17:59 | Build | House |
| 18:03 | Build | House |
| 18:04 | Build | House |
| 18:09 | Build | Palisade Gate |
| 18:13 | Create | Villager (Male) |
| 18:14 | Create | Villager (Male) |
| 18:18 | Build | Fish Trap |
| 18:21 | Build | Fish Trap |
| 18:25 | Build | Town Center |
| 18:34 | Build | Fish Trap |
| 18:39 | Create | Fishing Ship |
| 18:41 | Create | Fishing Ship |
| 18:44 | Create | Fishing Ship |
| 18:54 | Create | Villager (Male) |
| 18:54 | Create | Villager (Male) |
| 19:03 | Build | Town Center |
| 19:15 | Research | Gillnets |
| 19:16 | Research | Gillnets |
| 19:30 | Build | Fish Trap |
| 19:37 | Build | Fish Trap |
| 19:47 | Build | Fish Trap |
| 19:48 | Create | Villager (Male) |
| 19:48 | Create | Villager (Male) |
| 20:06 | Create | Villager (Male) |
| 20:14 | Build | House |
| 20:15 | Build | House |
| 20:17 | Build | House |
| 20:21 | Create | Villager (Male) |
| 20:21 | Create | Villager (Male) |
| 20:37 | Build | Town Center |
| 20:51 | Create | Villager (Male) |
| 20:51 | Create | Villager (Male) |
| 21:00 | Build | Town Center |
| 21:05 | Create | Villager (Male) |
| 21:06 | Create | Villager (Male) |
| 21:06 | Create | Villager (Male) |
| 21:07 | Create | Villager (Male) |
| 21:07 | Create | Villager (Male) |
| 21:15 | Create | Villager (Male) |
| 21:18 | Create | Fishing Ship |
| 21:18 | Create | Fishing Ship |
| 21:19 | Create | Fishing Ship |
| 21:34 | Create | Villager (Male) |
| 21:35 | Create | Villager (Male) |
| 21:49 | Create | Villager (Male) |
| 21:50 | Create | Villager (Male) |
| 21:56 | Build | Mining Camp |
| 22:08 | Create | Villager (Male) |
| 22:08 | Create | Villager (Male) |
Build order — guimar
First 150 of 610 actions detected
| 0:02 | Research | Loom |
| 0:08 | Build | House |
| 0:10 | Build | House |
| 0:17 | Build | Palisade Wall |
| 0:24 | Build | Palisade Wall |
| 0:28 | Create | Villager (Male) |
| 0:28 | Create | Villager (Male) |
| 0:28 | Create | Villager (Male) |
| 0:28 | Create | Villager (Male) |
| 0:29 | Create | Villager (Male) |
| 0:37 | Build | Palisade Wall |
| 2:23 | Create | Villager (Male) |
| 2:23 | Create | Villager (Male) |
| 3:00 | Create | Villager (Male) |
| 3:23 | Create | Villager (Male) |
| 3:23 | Create | Villager (Male) |
| 3:52 | Create | Villager (Male) |
| 3:53 | Create | Villager (Male) |
| 3:58 | Create | Villager (Male) |
| 4:10 | Build | House |
| 4:25 | Create | Villager (Male) |
| 4:52 | Build | House |
| 4:55 | Create | Villager (Male) |
| 4:57 | Create | Villager (Male) |
| 5:25 | Create | Villager (Male) |
| 5:41 | Create | Villager (Male) |
| 6:56 | Create | Villager (Male) |
| 7:02 | Create | Villager (Male) |
| 7:09 | Build | Mill |
| 7:13 | Create | Villager (Male) |
| 7:38 | Create | Villager (Male) |
| 8:25 | Create | Villager (Male) |
| 8:28 | Create | Villager (Male) |
| 8:56 | Create | Villager (Male) |
| 9:15 | Build | Lumber Camp |
| 10:03 | Research | Feudal Age |
| 10:04 | Research | Feudal Age |
| 10:47 | Build | Barracks |
| 11:02 | Create | Villager (Male) |
| 11:02 | Create | Villager (Male) |
| 11:03 | Create | Villager (Male) |
| 11:03 | Create | Villager (Male) |
| 11:13 | Create | Villager (Male) |
| 11:13 | Create | Villager (Male) |
| 11:13 | Create | Villager (Male) |
| 11:16 | Create | Villager (Male) |
| 11:25 | Build | House |
| 11:27 | Build | House |
| 11:32 | Build | House |
| 11:34 | Build | House |
| 12:13 | Age | Feudal Age |
| 12:17 | Build | Stone Wall |
| 12:23 | Build | Archery Range |
| 12:42 | Build | Mining Camp |
| 13:24 | Build | Blacksmith |
| 13:39 | Build | Mining Camp |
| 14:06 | Create | Villager (Male) |
| 14:36 | Create | Villager (Male) |
| 14:42 | Build | Stone Wall |
| 14:48 | Create | Villager (Male) |
| 14:55 | Build | Farm |
| 14:59 | Build | Farm |
| 15:00 | Build | Farm |
| 15:05 | Build | Farm |
| 15:06 | Build | Farm |
| 15:12 | Build | Farm |
| 15:14 | Build | Farm |
| 15:15 | Build | Farm |
| 15:20 | Create | Villager (Male) |
| 15:22 | Create | Villager (Male) |
| 15:29 | Build | Stone Wall |
| 15:56 | Research | Stone Mining |
| 16:02 | Create | Villager (Male) |
| 16:04 | Create | Villager (Male) |
| 16:06 | Research | Horse Collar |
| 16:24 | Create | Villager (Male) |
| 16:28 | Build | House |
| 16:28 | Build | House |
| 16:40 | Build | Farm |
| 16:58 | Build | House |
| 17:00 | Build | House |
| 17:03 | Build | House |
| 17:19 | Build | Stable |
| 17:23 | Create | Villager (Male) |
| 17:34 | Build | Farm |
| 17:48 | Research | Gold Mining |
| 17:53 | Create | Villager (Male) |
| 18:09 | Create | Villager (Male) |
| 18:14 | Create | Villager (Male) |
| 18:18 | Build | Farm |
| 18:32 | Research | Wheelbarrow |
| 19:17 | Build | Farm |
| 19:23 | Build | House |
| 19:26 | Build | House |
| 19:28 | Build | House |
| 19:29 | Build | House |
| 19:31 | Build | House |
| 19:35 | Build | Farm |
| 19:39 | Build | Farm |
| 19:40 | Build | Mill |
| 20:02 | Create | Villager (Male) |
| 20:03 | Create | Villager (Male) |
| 20:20 | Build | House |
| 20:21 | Build | House |
| 20:22 | Build | House |
| 20:23 | Build | House |
| 21:30 | Build | Farm |
| 21:37 | Create | Villager (Male) |
| 21:52 | Build | Farm |
| 21:53 | Build | Mill |
| 21:56 | Build | Farm |
| 21:59 | Create | Villager (Male) |
| 22:00 | Create | Villager (Male) |
| 22:19 | Create | Villager (Male) |
| 22:20 | Create | Villager (Male) |
| 22:30 | Build | Farm |
| 23:02 | Research | Castle Age |
| 24:14 | Research | Double-Bit Axe |
| 26:34 | Age | Castle Age |
| 26:36 | Build | Castle |
| 26:38 | Build | Castle |
| 26:44 | Build | University |
| 26:48 | Research | Bow Saw |
| 26:51 | Research | Hand Cart |
| 26:54 | Research | Heavy Plow |
| 27:18 | Build | Monastery |
| 27:31 | Research | Town Watch |
| 27:53 | Research | Fortified Wall (upgrade) |
| 27:56 | Research | Ballistics |
| 28:22 | Research | Imperial Age |
| 28:40 | Create | Monk |
| 28:49 | Build | House |
| 28:50 | Build | House |
| 28:51 | Build | House |
| 28:53 | Build | House |
| 29:00 | Build | Town Center |
| 29:23 | Research | Elite Skirmisher (upgrade) |
| 29:24 | Research | Crossbowman (upgrade) |
| 29:25 | Research | Thumb Ring |
| 29:28 | Research | Pikeman (upgrade) |
| 29:50 | Research | Masonry |
| 29:59 | Research | Forging |
| 30:24 | Research | Fletching |
| 30:51 | Research | Scale Barding Armor |
| 30:52 | Research | Scale Mail Armor |
| 30:54 | Research | Padded Archer Armor |
| 31:03 | Build | Siege Workshop |
| 31:07 | Build | Siege Workshop |
| 31:23 | Create | Villager (Male) |
| 31:26 | Create | Villager (Male) |
Build order — carboneeeeero24
93 actions detected in the replay
| 0:15 | Create | Villager (Male) ×5 |
| 0:16 | Research | Loom |
| 0:25 | Build | House |
| 0:26 | Build | House |
| 0:27 | Build | House |
| 0:29 | Build | House |
| 0:47 | Create | Villager (Male) ×4 |
| 0:56 | Research | Loom |
| 0:58 | Create | Villager (Male) ×4 |
| 0:58 | Create | Villager (Male) ×4 |
| 0:58 | Create | Villager (Male) ×4 |
| 0:59 | Create | Villager (Male) ×4 |
| 1:39 | Create | Villager (Male) |
| 2:06 | Build | Palisade Wall |
| 2:36 | Build | Lumber Camp |
| 2:51 | Create | Villager (Male) |
| 2:53 | Create | Villager (Male) |
| 3:49 | Create | Villager (Male) |
| 4:35 | Create | Villager (Male) |
| 4:46 | Create | Villager (Male) |
| 4:47 | Create | Villager (Male) |
| 4:48 | Create | Villager (Male) |
| 5:56 | Create | Villager (Male) |
| 6:56 | Build | Palisade Wall |
| 7:10 | Build | Palisade Wall |
| 8:37 | Build | Outpost |
| 8:52 | Create | Villager (Male) |
| 8:57 | Create | Villager (Male) |
| 9:32 | Build | Mill |
| 10:29 | Create | Villager (Male) |
| 10:31 | Create | Villager (Male) |
| 10:45 | Build | Outpost |
| 11:18 | Build | House |
| 11:20 | Build | House |
| 11:22 | Build | House |
| 11:49 | Build | Outpost |
| 12:02 | Research | Feudal Age |
| 12:45 | Build | Outpost |
| 13:25 | Create | Villager (Male) |
| 13:25 | Create | Villager (Male) |
| 13:26 | Create | Villager (Male) |
| 14:06 | Age | Feudal Age |
| 14:12 | Research | Horse Collar |
| 14:16 | Research | Double-Bit Axe |
| 14:43 | Build | Farm |
| 14:49 | Build | Farm |
| 14:54 | Build | Farm |
| 15:21 | Create | Villager (Male) |
| 15:25 | Create | Villager (Male) |
| 15:57 | Build | Mining Camp |
| 16:17 | Create | Villager (Male) |
| 16:17 | Create | Villager (Male) |
| 16:48 | Build | Farm |
| 16:57 | Build | Farm |
| 17:11 | Build | Farm |
| 17:19 | Create | Villager (Male) |
| 17:28 | Research | Gold Mining |
| 17:29 | Research | Stone Mining |
| 17:45 | Create | Villager (Male) |
| 17:57 | Create | Villager (Male) |
| 17:58 | Create | Villager (Male) |
| 18:00 | Create | Villager (Male) |
| 18:19 | Build | Mining Camp |
| 18:49 | Build | House |
| 18:51 | Build | House |
| 18:53 | Build | House |
| 18:54 | Build | House |
| 19:22 | Create | Villager (Male) |
| 19:26 | Create | Villager (Male) |
| 20:18 | Build | Market |
| 21:10 | Build | Blacksmith |
| 21:25 | Build | Farm |
| 21:28 | Build | Farm |
| 21:53 | Research | Castle Age |
| 22:23 | Build | Stone Wall |
| 22:25 | Build | Stone Wall |
| 22:27 | Build | Stone Wall |
| 22:49 | Build | Stone Wall |
| 22:53 | Build | Stone Wall |
| 23:10 | Create | Villager (Male) |
| 23:12 | Create | Villager (Male) |
| 23:13 | Create | Villager (Male) |
| 23:14 | Create | Villager (Male) |
| 23:36 | Build | Farm |
| 23:37 | Build | Farm |
| 23:38 | Build | Farm |
| 23:40 | Build | Farm |
| 23:58 | Build | Dock |
| 24:18 | Age | Castle Age |
| 24:36 | Research | Bow Saw |
| 24:40 | Research | Heavy Plow |
| 24:54 | Create | Fishing Ship ×5 |
| 25:21 | Build | Town Center |
Build order — Monsieur Propre
First 150 of 350 actions detected
| 1:16 | Create | Villager (Male) ×4 |
| 1:25 | Build | House |
| 1:25 | Build | House |
| 1:27 | Build | House |
| 3:15 | Build | Palisade Wall |
| 3:22 | Create | Villager (Male) |
| 4:01 | Create | Villager (Male) |
| 4:02 | Create | Villager (Male) |
| 4:33 | Create | Villager (Male) |
| 4:55 | Create | Villager (Male) |
| 5:15 | Create | Villager (Male) |
| 5:41 | Create | Villager (Male) |
| 6:10 | Create | Villager (Male) |
| 6:26 | Build | Settlement |
| 6:58 | Create | Villager (Male) |
| 7:00 | Create | Villager (Male) |
| 7:00 | Create | Villager (Male) |
| 7:01 | Create | Villager (Male) |
| 7:01 | Create | Villager (Male) |
| 7:37 | Create | Villager (Male) |
| 8:09 | Build | Palisade Wall |
| 8:36 | Create | Villager (Male) |
| 9:12 | Create | Villager (Male) |
| 9:34 | Build | Palisade Wall |
| 9:43 | Build | Palisade Wall |
| 9:50 | Build | Palisade Wall |
| 10:23 | Create | Villager (Male) |
| 10:23 | Create | Villager (Male) |
| 10:24 | Create | Villager (Male) |
| 10:24 | Create | Villager (Male) |
| 10:24 | Create | Villager (Male) |
| 10:24 | Create | Villager (Male) |
| 10:25 | Create | Villager (Male) |
| 10:25 | Create | Villager (Male) |
| 10:25 | Create | Villager (Male) |
| 13:14 | Research | Feudal Age |
| 13:27 | Build | Settlement |
| 15:16 | Build | Palisade Wall |
| 15:31 | Build | Palisade Wall |
| 15:53 | Age | Feudal Age |
| 17:24 | Build | Settlement |
| 17:53 | Create | Villager (Male) ×5 |
| 17:55 | Create | Villager (Male) ×5 |
| 19:12 | Research | Double-Bit Axe |
| 20:05 | Build | Farm |
| 20:09 | Build | Farm |
| 20:10 | Build | Farm |
| 20:11 | Build | Farm |
| 20:20 | Build | Farm |
| 20:25 | Build | Farm |
| 20:27 | Build | Farm |
| 20:47 | Build | House |
| 20:53 | Build | House |
| 21:02 | Build | Farm |
| 21:10 | Build | Farm |
| 21:14 | Research | Horse Collar |
| 22:07 | Research | Wheelbarrow |
| 22:12 | Research | Loom |
| 22:13 | Research | Town Watch |
| 22:19 | Research | Gold Mining |
| 22:20 | Research | Stone Mining |
| 22:29 | Build | Market |
| 22:51 | Build | Outpost |
| 23:42 | Build | Blacksmith |
| 24:26 | Research | Castle Age |
| 24:35 | Build | Farm |
| 24:37 | Build | Farm |
| 24:41 | Build | Farm |
| 24:42 | Build | Farm |
| 24:46 | Build | Farm |
| 24:47 | Build | Farm |
| 26:03 | Build | Outpost |
| 26:13 | Build | Outpost |
| 27:06 | Age | Castle Age |
| 27:21 | Build | Town Center |
| 27:29 | Create | Villager (Male) ×5 |
| 27:33 | Create | Villager (Male) ×5 |
| 27:43 | Research | Heavy Plow |
| 27:44 | Research | Bow Saw |
| 27:48 | Research | Gold Shaft Mining |
| 27:49 | Research | Stone Shaft Mining |
| 28:05 | Build | Farm |
| 28:25 | Build | Farm |
| 29:02 | Build | Farm |
| 29:10 | Research | Hand Cart |
| 29:16 | Build | Farm |
| 29:32 | Create | Villager (Male) ×5 |
| 29:55 | Build | Settlement |
| 30:13 | Build | Farm |
| 30:15 | Build | Farm |
| 30:43 | Build | Farm |
| 31:00 | Build | Monastery |
| 31:25 | Build | University |
| 31:57 | Build | Settlement |
| 32:09 | Research | Town Patrol |
| 32:29 | Create | Monk |
| 32:48 | Create | Villager (Male) ×5 |
| 32:48 | Create | Villager (Male) ×5 |
| 33:11 | Build | Farm |
| 33:13 | Build | Farm |
| 33:22 | Research | Imperial Age |
| 34:51 | Research | Treadmill Crane |
| 34:52 | Research | Fortified Wall (upgrade) |
| 35:41 | Build | Barracks |
| 35:47 | Build | Barracks |
| 35:49 | Build | Barracks |
| 36:01 | Build | Barracks |
| 36:05 | Build | Barracks |
| 36:13 | Research | Tech 1402 |
| 36:15 | Research | Pikeman (upgrade) |
| 36:16 | Research | Squires |
| 36:17 | Research | Arson |
| 36:32 | Age | Imperial Age |
| 36:46 | Build | Stone Wall |
| 37:02 | Build | Stone Wall |
| 37:06 | Build | Stone Wall |
| 37:10 | Build | Stone Wall |
| 37:29 | Build | Gate |
| 37:39 | Research | Arrowslits |
| 37:42 | Research | Murder Holes |
| 37:43 | Research | Ballistics |
| 38:09 | Create | Villager (Male) ×5 |
| 38:11 | Create | Villager (Male) ×5 |
| 38:16 | Create | Villager (Male) ×5 |
| 38:36 | Research | Tech 1351 |
| 38:41 | Research | Halberdier (upgrade) |
| 38:47 | Research | Crop Rotation |
| 39:01 | Build | House |
| 39:03 | Build | House |
| 39:23 | Build | House |
| 39:24 | Build | House |
| 39:25 | Build | House |
| 39:38 | Build | Castle |
| 39:47 | Research | Tech 1352 |
| 40:05 | Build | Farm |
| 40:49 | Build | Farm |
| 40:50 | Build | Farm |
| 41:02 | Build | Castle |
| 41:34 | Build | Stone Wall |
| 41:36 | Build | Stone Wall |
| 41:44 | Build | Stone Wall |
| 41:58 | Build | Archery Range |
| 42:00 | Build | Archery Range |
| 42:01 | Build | Archery Range |
| 42:17 | Create | Villager (Male) ×5 |
| 42:17 | Create | Villager (Male) |
| 42:36 | Research | Andean Sling |
| 42:40 | Research | Fabric Shields |
| 42:57 | Build | Archery Range |
| 42:59 | Build | Archery Range |
Build order — Sosa de Zanzibar
First 150 of 733 actions detected
| 0:10 | Build | House |
| 0:17 | Build | House |
| 0:22 | Create | Villager (Male) ×4 |
| 0:22 | Create | Villager (Male) ×4 |
| 0:22 | Create | Villager (Male) ×4 |
| 0:38 | Build | House |
| 0:40 | Build | House |
| 0:41 | Build | House |
| 2:44 | Create | Villager (Male) |
| 2:45 | Create | Villager (Male) |
| 2:45 | Create | Villager (Male) |
| 2:45 | Create | Villager (Male) |
| 3:15 | Create | Villager (Male) |
| 3:15 | Create | Villager (Male) |
| 3:15 | Create | Villager (Male) |
| 3:34 | Create | Villager (Male) |
| 3:34 | Create | Villager (Male) |
| 3:34 | Create | Villager (Male) |
| 3:35 | Create | Villager (Male) |
| 4:07 | Create | Villager (Male) |
| 4:07 | Create | Villager (Male) |
| 4:07 | Create | Villager (Male) |
| 4:39 | Create | Villager (Male) |
| 4:39 | Create | Villager (Male) |
| 4:39 | Create | Villager (Male) |
| 4:39 | Create | Villager (Male) |
| 5:07 | Research | Loom |
| 5:54 | Build | Mill |
| 6:03 | Create | Villager (Male) |
| 6:04 | Create | Villager (Male) |
| 6:04 | Create | Villager (Male) |
| 6:04 | Create | Villager (Male) |
| 6:05 | Create | Villager (Male) |
| 6:05 | Create | Villager (Male) |
| 6:05 | Create | Villager (Male) |
| 7:05 | Create | Villager (Male) |
| 7:06 | Create | Villager (Male) |
| 7:06 | Create | Villager (Male) |
| 7:06 | Create | Villager (Male) |
| 7:07 | Create | Villager (Male) |
| 8:20 | Create | Villager (Male) |
| 8:20 | Create | Villager (Male) |
| 8:21 | Create | Villager (Male) |
| 8:21 | Create | Villager (Male) |
| 8:21 | Create | Villager (Male) |
| 8:21 | Create | Villager (Male) |
| 9:03 | Build | Palisade Wall |
| 9:58 | Create | Villager (Male) |
| 9:58 | Create | Villager (Male) |
| 9:59 | Create | Villager (Male) |
| 9:59 | Create | Villager (Male) |
| 9:59 | Create | Villager (Male) |
| 10:00 | Create | Villager (Male) |
| 10:00 | Create | Villager (Male) |
| 10:28 | Build | Mill |
| 11:11 | Build | House |
| 11:15 | Build | House |
| 11:17 | Build | House |
| 12:39 | Build | Lumber Camp |
| 14:31 | Build | Palisade Wall |
| 14:51 | Create | Villager (Male) |
| 14:51 | Create | Villager (Male) |
| 14:52 | Create | Villager (Male) |
| 14:52 | Create | Villager (Male) |
| 14:52 | Create | Villager (Male) |
| 15:10 | Build | Farm |
| 15:14 | Build | Farm |
| 15:15 | Build | Farm |
| 15:17 | Build | Farm |
| 15:19 | Build | Farm |
| 15:21 | Build | Farm |
| 15:22 | Build | Farm |
| 15:24 | Build | Farm |
| 16:20 | Build | Farm |
| 16:24 | Build | Farm |
| 16:59 | Build | Farm |
| 17:00 | Build | Farm |
| 17:02 | Build | Farm |
| 17:05 | Build | Farm |
| 17:07 | Build | Farm |
| 18:52 | Research | Feudal Age |
| 20:08 | Build | Palisade Wall |
| 20:15 | Build | Palisade Gate |
| 21:00 | Build | Farm |
| 21:02 | Age | Feudal Age |
| 21:04 | Build | Farm |
| 21:08 | Research | Wheelbarrow |
| 21:12 | Research | Double-Bit Axe |
| 21:16 | Create | Villager (Male) |
| 21:16 | Create | Villager (Male) |
| 21:17 | Create | Villager (Male) |
| 21:17 | Create | Villager (Male) |
| 21:17 | Create | Villager (Male) |
| 21:57 | Build | Market |
| 22:28 | Build | Stone Wall |
| 22:35 | Build | Gate |
| 23:17 | Build | Mining Camp |
| 23:30 | Build | House |
| 23:35 | Build | House |
| 23:36 | Build | House |
| 23:37 | Build | House |
| 23:38 | Build | House |
| 23:39 | Build | House |
| 23:41 | Build | House |
| 23:42 | Build | House |
| 23:43 | Build | House |
| 23:50 | Build | Blacksmith |
| 24:06 | Create | Trade Cart |
| 24:26 | Build | Stone Wall |
| 24:36 | Research | Horse Collar |
| 24:41 | Research | Gold Mining |
| 24:43 | Create | Villager (Male) |
| 24:44 | Create | Villager (Male) |
| 24:44 | Create | Villager (Male) |
| 24:44 | Create | Villager (Male) |
| 24:45 | Create | Villager (Male) |
| 25:01 | Research | Castle Age |
| 25:28 | Research | Stone Mining |
| 25:45 | Build | Mining Camp |
| 26:40 | Build | Farm |
| 27:14 | Build | Farm |
| 27:48 | Age | Castle Age |
| 27:53 | Build | Farm |
| 27:57 | Research | Hand Cart |
| 28:02 | Research | Bow Saw |
| 28:05 | Research | Gold Shaft Mining |
| 28:08 | Research | Heavy Plow |
| 28:13 | Create | Villager (Male) |
| 28:13 | Create | Villager (Male) |
| 28:13 | Create | Villager (Male) |
| 28:14 | Create | Villager (Male) |
| 28:14 | Create | Villager (Male) |
| 28:14 | Create | Villager (Male) |
| 28:14 | Create | Villager (Male) |
| 28:15 | Create | Villager (Male) |
| 28:15 | Create | Villager (Male) |
| 28:15 | Create | Villager (Male) |
| 28:54 | Build | Town Center |
| 29:01 | Build | House |
| 29:09 | Build | Farm |
| 29:54 | Build | Town Center |
| 29:58 | Create | Villager (Male) |
| 29:58 | Create | Villager (Male) |
| 29:59 | Create | Villager (Male) |
| 29:59 | Create | Villager (Male) |
| 29:59 | Create | Villager (Male) |
| 30:00 | Create | Villager (Male) |
| 30:00 | Create | Villager (Male) |
| 30:00 | Create | Villager (Male) |
| 30:14 | Build | Farm |
Match timeline
| 0:17 | guimar · wall_segment Palisade Wall x6 |
| 0:24 | guimar · wall_segment Palisade Wall x9 |
| 0:37 | guimar · wall_segment Palisade Wall x22 |
| 2:06 | carboneeeeero24 · wall_segment Palisade Wall x13 |
| 3:15 | Monsieur Propre · wall_segment Palisade Wall x11 |
| 5:25 | Dang · first_building Dock |
| 6:56 | carboneeeeero24 · wall_segment Palisade Wall x11 |
| 7:10 | carboneeeeero24 · wall_segment Palisade Wall x12 |
| 8:09 | Monsieur Propre · wall_segment Palisade Wall x7 |
| 9:03 | Sosa de Zanzibar · wall_segment Palisade Wall x10 |
| 9:34 | Monsieur Propre · wall_segment Palisade Wall x2 |
| 9:43 | Monsieur Propre · wall_segment Palisade Wall x7 |
| 9:50 | Monsieur Propre · wall_segment Palisade Wall x6 |
| 10:47 | guimar · first_building Barracks |
| 11:54 | Dang · wall_segment Palisade Wall x1 |
| 12:13 | guimar · age_up feudal |
| 12:17 | guimar · wall_segment Stone Wall x23 |
| 12:23 | guimar · first_building Archery Range |
| 12:48 | Dang · age_up feudal |
| 13:53 | 油腻大叔 · age_up feudal |
| 14:06 | carboneeeeero24 · age_up feudal |
| 14:31 | Sosa de Zanzibar · wall_segment Palisade Wall x13 |
| 14:37 | Dang · first_market_buy 100 food |
| 14:39 | Dang · first_market_sell 100 wood |
| 14:42 | guimar · wall_segment Stone Wall x7 |
| 15:16 | Monsieur Propre · wall_segment Palisade Wall x1 |
| 15:29 | guimar · wall_segment Stone Wall x9 |
| 15:31 | Monsieur Propre · wall_segment Palisade Wall x7 |
| 15:53 | Monsieur Propre · age_up feudal |
| 17:19 | guimar · first_building Stable |
| 17:33 | Dang · age_up castle |
| 19:51 | 油腻大叔 · first_building Barracks |
| 20:08 | Sosa de Zanzibar · wall_segment Palisade Wall x14 |
| 21:02 | Sosa de Zanzibar · age_up feudal |
| 22:23 | carboneeeeero24 · wall_segment Stone Wall x14 |
| 22:25 | carboneeeeero24 · wall_segment Stone Wall x3 |
| 22:27 | carboneeeeero24 · wall_segment Stone Wall x2 |
| 22:28 | Sosa de Zanzibar · wall_segment Stone Wall x30 |
| 22:49 | carboneeeeero24 · wall_segment Stone Wall x2 |
| 22:53 | carboneeeeero24 · wall_segment Stone Wall x7 |
| 23:58 | carboneeeeero24 · first_building Dock |
| 24:18 | carboneeeeero24 · age_up castle |
| 24:26 | Sosa de Zanzibar · wall_segment Stone Wall x10 |
| 24:54 | Sosa de Zanzibar · first_market_sell 100 food |
| 25:11 | 油腻大叔 · age_up castle |
| 26:28 | carboneeeeero24 · resign |
| 26:34 | guimar · age_up castle |
| 26:36 | guimar · first_building Castle |
| 27:06 | Monsieur Propre · age_up castle |
| 27:18 | guimar · first_building Monastery |
| 27:30 | Dang · first_building Castle |
| 27:48 | Sosa de Zanzibar · age_up castle |
| 28:18 | Dang · first_building Monastery |
| 28:38 | Sosa de Zanzibar · first_market_buy 100 stone |
| 30:53 | 油腻大叔 · first_building Monastery |
| 31:00 | Monsieur Propre · first_building Monastery |
| 31:03 | guimar · first_building Siege Workshop |
| 31:32 | guimar · age_up imperial |
| 31:36 | Dang · first_building Barracks |
| 32:40 | Dang · first_building Archery Range |
| 32:49 | Dang · first_building Stable |
| 33:19 | Dang · age_up imperial |
| 33:42 | Dang · first_building Siege Workshop |
| 34:40 | Dang · wall_segment Stone Wall x15 |
| 34:41 | Dang · wall_segment Stone Wall x2 |
| 34:55 | Sosa de Zanzibar · first_building Castle |
| 35:41 | Monsieur Propre · first_building Barracks |
| 36:32 | Monsieur Propre · age_up imperial |
| 36:46 | Monsieur Propre · wall_segment Stone Wall x2 |
| 37:00 | 油腻大叔 · age_up imperial |
| 37:02 | Monsieur Propre · wall_segment Stone Wall x13 |
| 37:06 | Monsieur Propre · wall_segment Stone Wall x3 |
| 37:10 | Monsieur Propre · wall_segment Stone Wall x5 |
| 37:56 | Dang · wall_segment Stone Wall x13 |
| 39:13 | Sosa de Zanzibar · wall_segment Stone Wall x30 |
| 39:32 | Dang · wall_segment Stone Wall x14 |
| 39:34 | Sosa de Zanzibar · age_up imperial |
| 39:35 | Dang · wall_segment Stone Wall x13 |
| 39:38 | Monsieur Propre · first_building Castle |
| 40:14 | 油腻大叔 · first_building Siege Workshop |
| 40:29 | 油腻大叔 · first_building Stable |
| 40:45 | Sosa de Zanzibar · first_building Barracks |
| 41:34 | Monsieur Propre · wall_segment Stone Wall x7 |
| 41:36 | Monsieur Propre · wall_segment Stone Wall x6 |
| 41:44 | Monsieur Propre · wall_segment Stone Wall x13 |
| 41:45 | Sosa de Zanzibar · first_building Siege Workshop |
| 41:58 | Monsieur Propre · first_building Archery Range |
| 43:44 | Sosa de Zanzibar · first_building Monastery |
| 43:48 | 油腻大叔 · first_building Castle |
| 44:10 | Sosa de Zanzibar · first_building Stable |
| 45:01 | Dang · wall_segment Stone Wall x9 |
| 45:34 | Monsieur Propre · first_building Dock |
| 47:40 | Monsieur Propre · wall_segment Stone Wall x13 |
| 47:51 | Dang · wall_segment Stone Wall x7 |
| 47:54 | Monsieur Propre · wall_segment Stone Wall x10 |
| 47:58 | Monsieur Propre · wall_segment Stone Wall x5 |
| 48:16 | Dang · wall_segment Stone Wall x14 |
| 48:28 | 油腻大叔 · wall_segment Stone Wall x7 |
| 49:03 | Monsieur Propre · first_building Siege Workshop |
| 50:06 | guimar · wall_segment Stone Wall x15 |
| 50:12 | 油腻大叔 · wall_segment Stone Wall x16 |
| 50:25 | 油腻大叔 · wall_segment Stone Wall x15 |
| 52:29 | Monsieur Propre · wall_segment Stone Wall x9 |
| 52:38 | guimar · wall_segment Stone Wall x8 |
| 53:38 | Sosa de Zanzibar · first_building Archery Range |
| 55:14 | guimar · wall_segment Stone Wall x4 |
| 56:10 | Dang · wall_segment Stone Wall x8 |
| 56:20 | guimar · wall_segment Stone Wall x4 |
| 56:21 | Dang · wall_segment Stone Wall x13 |
| 56:28 | guimar · wall_segment Stone Wall x3 |
| 56:41 | guimar · wall_segment Stone Wall x2 |
| 58:09 | guimar · wall_segment Stone Wall x1 |
| 59:04 | Dang · wall_segment Stone Wall x11 |
| 61:39 | guimar · wall_segment Stone Wall x23 |
| 64:49 | Dang · wall_segment Stone Wall x12 |
| 69:59 | 油腻大叔 · first_building Archery Range |
| 74:55 | Monsieur Propre · wall_segment Stone Wall x10 |
| 79:35 | Monsieur Propre · wall_segment Stone Wall x4 |
| 80:31 | Dang · wall_segment Stone Wall x12 |
| 80:46 | 油腻大叔 · wall_segment Stone Wall x9 |
| 80:54 | 油腻大叔 · wall_segment Stone Wall x6 |
| 81:13 | Sosa de Zanzibar · wall_segment Stone Wall x12 |
| 81:21 | Sosa de Zanzibar · wall_segment Stone Wall x4 |
| 81:28 | Sosa de Zanzibar · wall_segment Stone Wall x4 |
| 81:39 | Sosa de Zanzibar · wall_segment Stone Wall x11 |
| 89:03 | Dang · wall_segment Stone Wall x12 |
| 91:44 | Dang · wall_segment Stone Wall x14 |
| 93:15 | 油腻大叔 · wall_segment Stone Wall x28 |
| 93:27 | 油腻大叔 · wall_segment Stone Wall x23 |
| 95:37 | Dang · wall_segment Stone Wall x15 |
| 96:50 | Sosa de Zanzibar · wall_segment Stone Wall x7 |
| 97:37 | 油腻大叔 · first_market_buy 100 stone |
| 103:33 | Sosa de Zanzibar · wall_segment Stone Wall x33 |
| 104:00 | Sosa de Zanzibar · wall_segment Stone Wall x7 |
| 105:05 | Dang · wall_segment Stone Wall x12 |
| 106:55 | Dang · wall_segment Stone Wall x10 |
[ AI ANALYSIS · 1 CREDIT ]
What really happened in this match?
Wolo.gg analyzes every decision: build order, eco, micro, common mistakes by bracket. Personalized analysis on WhatsApp or Discord in 30 seconds.
Civ guide
Jurchens
Map guide
Black Forest
Perfil
Jugador #474607